 Dungeon Crawl Stone Soup version 0.25-a0-668-gea548f19b6 (webtiles) character file.

Game seed: 2460148081548281180, levelgen mode: deterministic

216 Kohma the Sneak (level 6, -3/37 HPs)
             Began as a Kobold Hunter on Mar 28, 2020.
             Killed by divine providence
             ... invoked by an orc priest
              (13 damage)
             ... on level 4 of the Dungeon.
             The game lasted 00:12:07 (4915 turns).

Kohma the Sneak (Kobold Hunter)                     Turns: 4915, Time: 00:12:08

Health: -3/37      AC:  5    Str:  9    XL:     6   Next: 16%
Magic:  6/6        EV: 13    Int: 14    God:
Gold:   93         SH:  0    Dex: 16    Spells: 5/5 levels left

rFire    . . .     SeeInvis .   a - +1 hand crossbow
rCold    . . .     Gourm    .   (shield restricted)
rNeg     . . .     Faith    .   w - +0 ring mail
rPois    .         Spirit   .   (no helmet)
rElec    .         Reflect  .   (no cloak)
rCorr    .         Harm     .   (no gloves)
MR       .....                  (no boots)
Stlth    ++........             (no amulet)
HPRegen  0.12/turn              (no ring)
MPRegen  0.10/turn              (no ring)

@: no status effects
A: small, carnivore
a: no special abilities


You were on level 4 of the Dungeon.
You were completely stuffed.

You visited 1 branch of the dungeon, and saw 4 of its levels.

You collected 93 gold pieces.

Inventory:

Hand Weapons
 a - a +1 hand crossbow (weapon)
 b - a +0 dagger
 v - a +0 rapier
Missiles
 d - 29 bolts (quivered)
 j - 84 stones
Armour
 w - a +0 ring mail (worn)
Jewellery
 i - an uncursed ring of stealth {unknown}
 k - an uncursed amulet of guardian spirit {unknown}
Scrolls
 g - 2 scrolls of noise {unknown}
 l - 2 scrolls of fear
 n - 2 scrolls of teleportation
 q - a scroll of random uselessness {unknown}
 s - 4 scrolls of identify {unknown}
 t - 2 scrolls of remove curse {unknown}
 u - a scroll of magic mapping {unknown}
Potions
 e - a potion of ambrosia {unknown}
 h - a potion of curing {unknown}
 m - a potion of lignification {unknown}
 o - a potion of flight {unknown}
 p - a potion of degeneration {unknown}
 r - a potion of mutation {unknown}
Comestibles
 f - 4 rations


   Skills:
 - Level 3.0 Fighting
 * Level 4.2 Short Blades
 - Level 5.0 Crossbows
 - Level 3.0 Dodging
 + Level 5.2 Stealth


You had 5 spell levels left.
You didn't know any spells.
Your spell library contained the following spells:

 Spells                   Type           Power        Failure   Level  Hunger
 Magic Dart               Conj           #...         63%         1    ##.....
 Searing Ray              Conj           #.....       77%         2    ###....
 Dazzling Flash           Conj/Hex       #.....       94%         3    ####...
 Fulminant Prism          Conj/Hex       #.........   100%        4    #####..
 Iskenderun's Mystic Bla  Conj/Tloc      #.......     100%        4    #####..


Dungeon Overview and Level Annotations

Branches:
Dungeon (4/15)
 Temple: D:4-7

Altars:
Ashenzari
Kikubaaqudgha
Nemelex Xobeh
Uskayaw
Xom


Innate Abilities, Weirdness & Mutations

You are small and have problems with some larger weapons.
You are carnivorous and can eat meat at any time.


Message History

Aim: an orc priest, wielding a +5 falchion of distortion (lightly wounded, chance to blind on hit: 86%)
You throw an atropa-tipped dart.
The atropa-tipped dart hits the orc priest.
The orc priest appears confused.
The orc priest is lightly wounded.
An orc comes into view. It is wielding a +0 club.
a - a +1 hand crossbow (weapon)
Firing (i - inventory. (/) - cycle)
d - 31 bolts (quivered)
Press: ? - help, Shift-Dir - straight line, f/p - orc priest
Aim: an orc priest, wielding a +5 falchion of distortion (lightly wounded, confused, blind)
You shoot a bolt. The bolt hits the orc priest.
The orc priest is heavily wounded.
The orc priest seems less confused.
Firing (i - inventory. (/) - cycle)
d - 30 bolts (quivered)
Press: ? - help, Shift-Dir - straight line, f/p - orc priest
Aim: an orc priest, wielding a +5 falchion of distortion (heavily wounded, blind)
You shoot a bolt. The bolt barely misses the orc priest.
The orc priest invokes the aid of Beogh against you.
Beogh smites you!
You die...

####...##
.......## #
#.....(## (##
#.......####...###
#....o.o'.........
#....(..####....##
#.....(## .#.#
#....(## # #..@.##
#..+## #.#.# #.#.#
#.#.## #...)##
#####.....#
.........##
#####.#.## #


You could see an orc priest (blind) and an orc.

Vanquished Creatures
  A worker ant (D:4)
  Terence (D:3)
  3 gnolls (D:3)
  5 adders
  An adder skeleton (D:4)
  3 worms
  A dart slug (D:2)
  A leopard gecko (D:3)
  2 orcs
  A giant cockroach (D:1)
  8 goblins
  6 hobgoblins
  7 jackals
  5 quokkas
  15 bats
  8 frilled lizards
  4 kobolds
  9 rats
81 creatures vanquished.

Notes
Turn   | Place    | Note
-------+----------+-------------------------------------------
     0 | D:1      | Kohma the Kobold Hunter began the quest for the Orb.
     0 | D:1      | Reached XP level 1. HP: 12/12 MP: 1/1
   134 | D:1      | Reached XP level 2. HP: 2/18 MP: 2/2
   555 | D:1      | Reached skill level 5 in Crossbows
  1249 | D:1      | Found a shattered altar of Ashenzari.
  1370 | D:1      | Reached XP level 3. HP: 22/22 MP: 3/3
  1410 | D:2      | Found a shimmering altar of Xom.
  1657 | D:2      | Reached skill level 1 in Short Blades
  1859 | D:2      | Found a sparkling altar of Nemelex Xobeh.
  2072 | D:2      | Reached XP level 4. HP: 28/28 MP: 4/4
  2111 | D:2      | Found an ancient bone altar of Kikubaaqudgha.
  2228 | D:2      | Found a hide-covered altar of Uskayaw.
  2840 | D:3      | Reached XP level 5. HP: 29/32 MP: 5/5
  3271 | D:3      | Noticed Terence
  3280 | D:3      | Killed Terence
  3886 | D:3      | Reached skill level 5 in Stealth
  4564 | D:4      | Reached XP level 6. HP: 37/37 MP: 6/6
  4915 | D:4      | Killed from afar by an orc priest

Levels and vault maps discovered:
D:1:      minmay_arrival_plants_in_alcoves, layout_basic, ashenzari_altar_1
D:2:      layout_basic, overflow_temple_1_default,
          eat_drink_and_be_merry_uskayaw, lemuel_crystal_altar,
          nemelex_diamond_rough_becter
D:3:      layout_loops_corners, first_ration, chequers_serial_rivers_micro_c,
          uniq_terence
D:4:      wad_lake_hut, layout_loops_corners, roderic_lattice_a,
          minmay_misc_feat_doors

Skill      XL: |  1  2  3  4  5  6 |
---------------+-------------------+-----
Crossbows      | 5 |  5.0
Stealth        | 2 3 4 5 |  5.2
Dodging        | 3 |  3.0
Short Blades   | 1 2 3 4 |  4.2
Fighting       | 3 |  3.0

Action                   |  1- 3 |  4- 6 || total
-------------------------+-------+-------++-------
Melee: Dagger            |   148 |   282 ||   430
       Short sword       |    13 |       ||    13
 Fire: Hand crossbow     |    30 |    51 ||    81
Throw: Dart              |       |     4 ||     4
  Use: Scroll            |     2 |       ||     2
 Stab: Sleeping          |     1 |     3 ||     4
       Distracted        |       |     1 ||     1
       Invisible         |       |     1 ||     1
  Eat: Chunk             |    12 |     9 ||    21
Armor: Leather armour    |    58 |    35 ||    93
       Ring mail         |       |    23 ||    23
Dodge: Dodged            |   182 |   229 ||   411

Table legend:
 A = Non-vault XP
 B = Vault XP
 C = Vault XP percentage of total XP
 D = Non-vault monster count
 E = Vault monster count
 F = Vault count percentage of total count
                 A         B        C        D         E       F
            +---------+---------+-------+---------+---------+-------
      Total |     277 |      32 |  10.4 |      80 |       1 |   1.2
            +---------+---------+-------+---------+---------+-------
        D:1 |      29 |       0 |   0.0 |      18 |       0 |   0.0
        D:2 |      84 |       0 |   0.0 |      25 |       0 |   0.0
        D:3 |     120 |      32 |  21.1 |      32 |       1 |   3.0
        D:4 |      44 |       0 |   0.0 |       5 |       0 |   0.0
            +---------+---------+-------+---------+---------+-------
